 Dungeon Crawl Stone Soup version 0.30.1-11-g7821555f0a (webtiles) character file.

Game seed: 6476108659355271173

3 magus244 the Stinger (level 1, 0/8 HPs)
             Began as a Felid Venom Mage on Jan 1, 2024.
             Slain by a jackal (3 damage)
             ... on level 1 of the Dungeon.
             The game lasted 00:04:43 (56 turns).

magus244 the Stinger (Felid Venom Mage)               Turns: 56, Time: 00:04:44

Health: 0/8        AC:  1    Str:  4    XL:     1   Next: 41%
Magic:  0/4        EV: 17    Int: 16    God:
Gold:   17         SH:  0    Dex: 16    Spells: 3/4 levels left
                                        Lives:  0   Deaths: 0

rFire   . . .        (weapon unavailable)
rCold   . . .        (shield unavailable)
rNeg    . . .        (body armour unavailable)
rPois   .            (helmet unavailable)
rElec   .            (cloak unavailable)
rCorr   .            (gloves unavailable)
SInv    +            (boots unavailable)
Will    .....        (no amulet)
Stlth   ++           (no ring)
HPRegen 0.21/turn    (no ring)
MPRegen 0.09/turn

%: no passive effects
@: quick
A: very small, claws 1, fangs 3, see invisible, speed 1, shaggy fur 1, stealthy
paws, no weapons or thrown items, no armour, multi-lived
a: no special abilities


You were on level 1 of the Dungeon.
You visited 1 branch of the dungeon, and saw 1 of its levels.

You collected 17 gold pieces.

Inventory:

Potions
 a - a potion of magic


   Skills:
 + Level 0.4 Fighting
 + Level 2.6 Dodging
 + Level 2.6 Stealth
 + Level 2.0 Spellcasting
 + Level 1.1 Transmutations
 + Level 2.8 Poison Magic


You had 3 spell levels left.
You knew the following spells:

 Your Spells              Type           Power      Damage    Failure   Level
a - Sting                 Tmut/Pois      28%        1d4       10%         1

Your spell library contained the following spells:

 Spells                   Type           Power      Damage    Failure   Level
 Poisonous Vapours        Pois/Air       12%        N/A       17%         2
 Mephitic Cloud           Conj/Pois/Air  4%         N/A       38%         3
 Olgreb's Toxic Radiance  Pois           10%        N/A       54%         4


Dungeon Overview and Level Annotations

Branches:
Dungeon (1/15)

Altars:


Innate Abilities, Weirdness & Mutations

You have sharp claws.
You have razor-sharp teeth.
You have supernaturally acute eyesight. (SInv)
You cover ground quickly. (Speed+)
You are covered in fur. (AC +1)
Your paws help you pounce on unaware monsters.
You are incapable of wielding weapons or throwing items.
You cannot wear armour.
You gain extra lives every three experience levels.


Message History

* * * LOW HITPOINT WARNING * * *
The jackal barely misses you. The jackal misses you.
The jackal barely misses you.
You completely miss the jackal.
The jackal is severely wounded.
The jackal barely misses you. x2
You don't have enough magic to cast this spell.
You don't have enough magic to cast this spell.
You scratch the jackal but do no damage.
The jackal is severely wounded.
The jackal misses you. The jackal closely misses you. The jackal bites you.
* * * LOW HITPOINT WARNING * * *
You scratch the jackal but do no damage.
Your bite misses the jackal.
The jackal is moderately wounded.
You kill the jackal!
The jackal bites you but does no damage.
The jackal misses you.
You don't have enough magic to cast this spell.
You barely miss the jackal.
The jackal is moderately wounded.
The jackal barely misses you.
You scratch the jackal but do no damage.
Your bite misses the jackal.
The jackal is moderately wounded.
The jackal completely misses you. The jackal misses you.
You scratch the jackal but do no damage.
The jackal is moderately wounded.
The jackal bites you but does no damage.
You closely miss the jackal.
The jackal is moderately wounded.
The jackal misses you.
Aiming: Sting (safe; 10% risk of failure)
Press: ? - help, Q - select action Shift-Dir - straight line The sting misses the jackal.
The jackal closely misses you. The jackal misses you.
You barely miss the jackal.
The jackal is moderately wounded.
The jackal bites you.
You die...

##### ###### #...
########....###.####.##
#......'...............
#.######...†##...##...#
###.h..##...# #
#...@..##.)......#
#......##.h..#.#.#
###''#######.#.# #
###≈≈..≈§### #.#.#
#≈≈§≈..§§≈§###h#.#
#≈§≈#≈.§§#≈§§##.#.#
##≈≈≈≈§..≈§§≈§##.#
#≈≈§§≈≈..§§§≈≈≈
#§≈§≈≈#.§#§§≈§≈


You could see a jackal.

Vanquished Creatures
  2 jackals (D:1)
  A kobold (D:1)
3 creatures vanquished.

Notes
Turn   | Place    | Note
-------+----------+-------------------------------------------
     0 | D:1      | magus244 the Felid Venom Mage began the quest for the Orb.
     0 | D:1      | Reached XP level 1. HP: 7/7 MP: 4/4
    56 | D:1      | Slain by a jackal

Illustrated notes

Levels and vault maps discovered:
D:1:      lightli_molten_gateway, layout_basic

Action                     || total
---------------------------++-------
  Melee: Unarmed           ||    13
         Bite              ||     1
   Cast: Sting             ||     5
 Armour: Skin              ||     2
  Dodge: Dodged            ||    23
